 Dungeon Crawl Stone Soup version 0.28-a0-544-g207b005307 (webtiles) character file.

Game seed: 2290285749361956162

718 MacCMillion the Grasshopper (level 7, 0/56 HPs)
             Began as a Gnoll Warper on Sept 28, 2021.
             Slain by an ogre (17 damage)
             ... on level 5 of the Dungeon.
             The game lasted 00:13:45 (6439 turns).

MacCMillion the Grasshopper (Gnoll Warper)          Turns: 6439, Time: 00:13:45

Health: 0/56       AC:  5    Str: 11    XL:     7   Next: 70%
Magic:  15/15      EV: 11    Int: 14    God:
Gold:   148        SH:  0    Dex: 11    Spells: 15/17 levels left

rFire   + . .      SeeInvis +   m - +3 short sword
rCold   . . .      Faith    .   (no shield)
rNeg    . . .      Spirit   .   u - +0 ring mail
rPois   .          Reflect  .   (no helmet)
rElec   .          Harm     .   (no cloak)
rCorr   .          Rampage  .   (no gloves)
Will    .....                   (no boots)
Stlth   +.........              (no amulet)
HPRegen 0.18/turn               o - ring of protection from fire
MPRegen 0.14/turn               w - ring of see invisible

@: no status effects
A: fangs 1, strong nose, distributed training
a: no special abilities


You were on level 5 of the Dungeon.
You visited 1 branch of the dungeon, and saw 5 of its levels.

You collected 148 gold pieces.

Inventory:

Hand Weapons
 f - a +1 short sword of draining
 m - a +3 short sword (weapon)
Missiles
 d - 5 boomerangs of dispersal
 h - 2 throwing nets
 i - 2 curare-tipped darts
 q - 15 poisoned darts (quivered)
 x - 5 boomerangs
Armour
 b - a +0 leather armour
 u - a +0 ring mail (worn)
Jewellery
 o - a ring of protection from fire (left hand)
 w - a ring of see invisible (right hand)
Wands
 t - a wand of mindburst (11)
 v - a wand of polymorph (11)
Scrolls
 c - a scroll of blinking
 g - 4 scrolls of identify {unknown}
 j - a scroll of teleportation {unknown}
 k - 2 scrolls of amnesia {unknown}
 l - 2 scrolls of enchant weapon {unknown}
 r - a scroll of enchant armour {unknown}
Potions
 a - a potion of haste {unknown}
 e - 2 potions of heal wounds {unknown}
 n - 3 potions of degeneration {unknown}
 p - a potion of brilliance {unknown}
 s - a potion of might {unknown}


   Skills:
 + Level 5.3 Fighting
 + Level 5.3 Short Blades
 + Level 2.6 Long Blades
 + Level 2.6 Axes
 + Level 2.6 Maces & Flails
 + Level 2.6 Polearms
 + Level 2.6 Staves
 + Level 2.6 Slings
 + Level 2.6 Bows
 + Level 2.6 Crossbows
 + Level 3.7 Throwing
 + Level 3.7 Armour
 + Level 5.3 Dodging
 + Level 2.6 Stealth
 + Level 2.6 Shields
 + Level 2.6 Unarmed Combat
 + Level 5.7 Spellcasting
 + Level 2.1 Conjurations
 + Level 2.1 Hexes
 + Level 2.1 Summonings
 + Level 2.1 Necromancy
 + Level 5.9 Translocations
 + Level 2.1 Transmutations
 + Level 2.1 Fire Magic
 + Level 2.1 Ice Magic
 + Level 2.1 Air Magic
 + Level 2.1 Earth Magic
 + Level 2.1 Poison Magic
 + Level 2.9 Invocations
 + Level 2.6 Evocations


You had 15 spell levels left.
You knew the following spells:

 Your Spells              Type           Power      Damage    Failure   Level
a - Blink                 Tloc           N/A        N/A       4%          2

Your spell library contained the following spells:

 Spells                   Type           Power      Damage    Failure   Level
 Gell's Gravitas          Tloc           10%        N/A       10%         3
 Lesser Beckoning         Tloc           20%        N/A       10%         3
 Teleport Other           Tloc           20%        N/A       10%         3
 Static Discharge         Conj/Air       10%        N/A       22%         2
 Manifold Assault         Tloc           20%        N/A       65%         5
 Dispel Undead            Necr           10%        3d9       83%         4
 Olgreb's Toxic Radiance  Pois           10%        N/A       83%         4
 Sticky Flame             Conj/Fire      10%        2d3       83%         4
 Ozocubu's Refrigeration  Ice            5%         4d6       100%        7
 Ignition                 Fire           5%         3d4       100%        8


Dungeon Overview and Level Annotations

Branches:
Dungeon (5/15)
 Temple: D:4-7

Altars:
Dithmenos
Makhleb
Sif Muna
Trog

Annotations:
D:2 1 runed translucent door, Crazy Yiuf


Innate Abilities, Weirdness & Mutations

You have very sharp teeth.
Your uncanny sense of smell can sniff out nearby items.
Your experience applies equally to all skills.


Message History

The necrophage is severely damaged.
You hit the necrophage.
The necrophage is severely damaged.
The necrophage hits you.
* * * LOW HITPOINT WARNING * * *
You closely miss the necrophage.
The necrophage is severely damaged.
The necrophage hits you.
* * * LOW HITPOINT WARNING * * *
You feel drained.
* * * LOW HITPOINT WARNING * * *
You hit the necrophage.
The necrophage is almost destroyed.
The necrophage barely misses you.
You puncture the necrophage!
You destroy the necrophage!
Your life force feels restored.
You start resting.
You hear the rusting of a very distant drain.
You start resting.
You hear the brisk rusting of a very distant drain.
You start resting.
You hear the brisk rusting of a very distant drain.
You start resting.
You hear the brisk rusting of a very distant drain.
An ogre comes into view. It is wielding a +0 giant club.
The ogre shouts!
You hit the ogre.
The ogre is lightly wounded.
You hit the ogre. You bite the ogre, but do no damage.
The ogre is moderately wounded.
The ogre hits you with a +0 giant club!!
* * * LOW HITPOINT WARNING * * *
You hit the ogre. Your bite misses the ogre.
The ogre is heavily wounded.
The ogre barely misses you.
You hit the ogre.
The ogre is severely wounded.
The ogre hits you with a +0 giant club!
You die...

#.## ....
#..# #...#
... #.####
#....## ..
#.##..# ..
#.@##.# #.#
##.O..####
..#
###...†.#
..#
#.###.##.#
#.###....#
#......###
#.....#...#
#.###.###.#
#. #.. #.#
∆.


You could see an ogre.

Vanquished Creatures
  A black bear (D:4)
  A necrophage (D:5)
  An ogre (D:4)
  A scorpion (D:5)
  A water moccasin skeleton (D:4)
  2 hounds
  A gnoll shaman (D:3)
  A jelly (D:4)
  An iguana (D:4)
  6 adders
  4 gnolls
  A worm (D:2)
  3 dart slugs
  11 orcs
  8 endoplasms
  9 giant cockroaches
  4 goblins
  6 hobgoblins
  3 jackals (D:2)
  5 quokkas
  6 ball pythons
  6 bats
  2 frilled lizards
  12 kobolds
  7 rats
103 creatures vanquished.

Notes
Turn   | Place    | Note
-------+----------+-------------------------------------------
     0 | D:1      | MacCMillion the Gnoll Warper began the quest for the Orb.
     0 | D:1      | Reached XP level 1. HP: 20/20 MP: 6/6
   259 | D:1      | Reached XP level 2. HP: 26/26 MP: 7/7
   357 | D:1      | Learned a level 2 spell: Blink
   723 | D:1      | Reached XP level 3. HP: 27/31 MP: 9/9
   942 | D:1      | Reached skill level 5 in Spellcasting
   991 | D:1      | Found a faded altar of an unknown god.
  1229 | D:2      | Reached skill level 1 in Invocations
  1878 | D:2      | Reached skill level 1 in Long Blades
  1878 | D:2      | Reached skill level 1 in Axes
  1878 | D:2      | Reached skill level 1 in Maces & Flails
  1878 | D:2      | Reached skill level 1 in Polearms
  1878 | D:2      | Reached skill level 1 in Staves
  1878 | D:2      | Reached skill level 1 in Slings
  1878 | D:2      | Reached skill level 1 in Bows
  1878 | D:2      | Reached skill level 1 in Crossbows
  1878 | D:2      | Reached skill level 1 in Stealth
  1878 | D:2      | Reached skill level 1 in Shields
  1878 | D:2      | Reached skill level 1 in Unarmed Combat
  1878 | D:2      | Reached skill level 1 in Evocations
  2065 | D:2      | Found a runed translucent door.
  2066 | D:2      | Noticed Crazy Yiuf
  2519 | D:2      | Reached XP level 4. HP: 36/38 MP: 11/11
  2999 | D:3      | Reached skill level 1 in Conjurations
  2999 | D:3      | Reached skill level 1 in Hexes
  2999 | D:3      | Reached skill level 1 in Summonings
  2999 | D:3      | Reached skill level 1 in Necromancy
  2999 | D:3      | Reached skill level 1 in Transmutations
  2999 | D:3      | Reached skill level 1 in Fire Magic
  2999 | D:3      | Reached skill level 1 in Ice Magic
  2999 | D:3      | Reached skill level 1 in Air Magic
  2999 | D:3      | Reached skill level 1 in Earth Magic
  2999 | D:3      | Reached skill level 1 in Poison Magic
  3295 | D:2      | Reached XP level 5. HP: 14/43 MP: 12/12
  3579 | D:3      | Found a burning altar of Makhleb.
  3579 | D:3      | Found a shadowy altar of Dithmenos.
  4111 | D:3      | Found a shimmering blue altar of Sif Muna.
  4538 | D:4      | Reached XP level 6. HP: 34/50 MP: 14/14
  4664 | D:4      | Found a bloodstained altar of Trog.
  4729 | D:3      | Reached skill level 5 in Fighting
  4729 | D:3      | Reached skill level 5 in Short Blades
  4729 | D:3      | Reached skill level 5 in Dodging
  5687 | D:4      | Reached XP level 7. HP: 38/56 MP: 15/15
  5945 | D:5      | Entered Level 5 of the Dungeon
  5998 | D:5      | Noticed a steam dragon
  6219 | D:5      | Found the +18 shield of the Gong {rElec rN+ Will+ EV-5}
  6439 | D:5      | Slain by an ogre

Illustrated notes

Levels and vault maps discovered:
D:1:      dpeg_arrival_refuge, layout_rooms, serial_curves, eino_curves_04,
          eino_curves_01, dilly_ecumenical_altar_fadedgnrine,
          minmay_split_cup_large
D:2:      layout_loops_corners, uniq_crazy_yiuf_cottage
D:3:      layout_basic, general_overflow_altar,
          gammafunk_temple_overflow_elements, minmay_hedge_maze,
          grunt_decor_cap, cheibrodos_gnoll_hut
D:4:      layout_rooms, nicolae_overflow_hidden_temple,
          trog_three_pillars_becter
D:5:      layout_rooms, portal_sewer_entry_b, serial_shops,
          kennysheep_mini_moat, grunt_ministairs_9

Skill      XL: |  1  2  3  4  5  6  7 |
---------------+----------------------+-----
Spellcasting   | 5 |  5.7
Invocations    | 1 2 |  2.9
Long Blades    | 1 2 |  2.6
Axes           | 1 2 |  2.6
Maces & Flails | 1 2 |  2.6
Polearms       | 1 2 |  2.6
Staves         | 1 2 |  2.6
Slings         | 1 2 |  2.6
Bows           | 1 2 |  2.6
Crossbows      | 1 2 |  2.6
Stealth        | 1 2 |  2.6
Shields        | 1 2 |  2.6
Unarmed Combat | 1 2 |  2.6
Evocations     | 1 2 |  2.6
Conjurations   | 1 2 |  2.1
Hexes          | 1 2 |  2.1
Summonings     | 1 2 |  2.1
Necromancy     | 1 2 |  2.1
Transmutations | 1 2 |  2.1
Fire Magic     | 1 2 |  2.1
Ice Magic      | 1 2 |  2.1
Air Magic      | 1 2 |  2.1
Earth Magic    | 1 2 |  2.1
Poison Magic   | 1 2 |  2.1
Throwing       | 3 |  3.7
Armour         | 3 |  3.7
Fighting       | 5 |  5.3
Short Blades   | 5 |  5.3
Dodging        | 5 |  5.3
Translocations | |  5.9

Action                   |  1- 3 |  4- 6 |  7- 9 || total
-------------------------+-------+-------+-------++-------
Melee: Short sword       |   127 |   205 |    55 ||   387
       Bite              |     3 |    20 |     7 ||    30
       Punch             |     1 |     1 |     1 ||     3
Throw: Dart              |       |    18 |       ||    18
 Stab: Sleeping          |     2 |       |       ||     2
Armor: Leather armour    |    17 |    24 |       ||    41
       Ring mail         |       |       |    23 ||    23
Dodge: Dodged            |    52 |   116 |    39 ||   207

Table legend: (Time is in decaauts)
 A = Elapsed time spent in this place.
 B = Non-inter-level travel time spent in this place.
 C = Inter-level travel time spent in this place.
 D = Time resting spent in this place.
 E = Time spent auto-exploring this place.
 F = Levels seen in this place.
 G = Mean time per level.
                   A        B        C        D        E       F      G
               +--------+--------+--------+--------+--------+-----+--------+
         Total |   6389 |   6082 |    307 |   1065 |   3972 |   5 | 1277.8 |
       Dungeon |   6389 |   6082 |    307 |   1065 |   3972 |   5 | 1277.8 |
               +--------+--------+--------+--------+--------+-----+--------+

Top non-repeatable levels by time:
     D:3: 2178 daAuts
     D:2: 1772 daAuts
     D:4: 1175 daAuts
     D:1: 1033 daAuts
     D:5: 229 daAuts
